Bruins vs Canucks (R1)

Created - 11 mars 2016 at 19:08

Goals
1 2 3 OT1 T
Bruins 0 3 2 1 6
Canucks 4 0 1 0 5
Shots
1 2 3 OT1 T
Bruins 4 15 17 2 38
Canucks 13 7 11 3 34

1st period

1. Canucks , Nikolai Zherdev 9 (Alex Tanguay, Maxim Lapierre) at 1:58
2. Canucks , Milan Michalek 19 (Matt Stajan) at 3:49 (PP)
3. Canucks , Tomas Plekanec 19 (Clarke MacArthur, Alex Goligoski) at 5:58
4. Canucks , Jaromir Jagr 34 (Tomas Plekanec, Clarke MacArthur) at 19:53

Penalties :
Nate Prosser (Bos) for Hooking (Minor) at 3:38, Matt Cooke (Bos) for Roughing (Minor) at 15:00

2nd period

5. Bruins , Jarome Iginla 19 (Eric Lindros, Ryan O'Byrne) at 15:36 (SH)
6. Bruins , Wojtek Wolski 44 (Andrew Alberts, Henrik Sedin) at 16:39
7. Bruins , Jarome Iginla 20 (Mark Stuart) at 18:23 (PP)

Penalties :
David Moss (Bos) for Holding (Minor) at 4:03, Nate Prosser (Bos) for Hooking (Minor) at 7:56, Clarke MacArthur (Van) for Hooking (Minor) at 8:46, Matt Hendricks (Bos) for Holding (Minor) at 10:55, Nate Prosser (Bos) for Tripping (Minor) at 13:59, Chad Johnson (Van) for Slashing (Minor) at 16:54 - Jaromir Jagr served the penalty

3rd period

8. Bruins , Henrik Sedin 30 (Jason Demers, Wojtek Wolski) at 4:43
9. Canucks , Milan Michalek 20 (Maxim Afinogenov) at 15:02
10. Bruins , Andrew Alberts 5 (Dainius Zubrus, Jason Demers) at 19:30 (PP)

Penalties :
Jason Demers (Bos) for Cross-checking (Minor) at 2:11, Ben Lovejoy (Van) for High sticking (Minor) at 2:32, Cody Franson (Van) for Tripping (Minor) at 11:11, Chad Johnson (Van) for Slashing (Minor) at 18:06 - Jaromir Jagr served the penalty, Matt Stajan (Van) for High sticking (Minor) at 19:41

Overtime #1

11. Bruins , Eric Lindros 17 (Jarome Iginla) at 4:09

Penalties :
No Penalty

Goalie Stats

Karri Ramo (Bos), 20 saves from 21 shots - (0,952), W, 5-9-0, 43:35 minutes
Roberto Luongo (Bos), 9 saves from 13 shots - (0,692), 19:53 minutes
Chad Johnson (Van), 32 saves from 38 shots - (0,842), OTL, 7-6-1, 64:09 minutes

Players Stats for Bruins

Player Name              G  A  P  +/- PIM S  H  SB GA TA FO     MP     PP MP  PK MP  
------------------------------------------------------------------------------------
Andrew Alberts           1  1  2   1  0   3  3  4  0  1  0/0    32:07   4:03   6:06 
Curtis Glencross         0  0  0  -2  0   0  3  0  1  0  0/0    12:31   0:00   1:20 
Dainius Zubrus           0  1  1  -1  0   1  2  1  0  0  0/1    16:07   2:40   0:16 
Dave Bolland             0  0  0  -2  0   2  1  2  0  1  2/4    13:12   0:08   0:00 
David Moss               0  0  0  -1  2   0  0  0  0  0  0/0     4:19   0:00   0:00 
Eric Lindros             1  1  2   1  0   5  3  0  0  0  9/12   20:36   3:17   2:38 
Henrik Sedin             1  1  2   1  0   4  2  0  1  0  27/51  28:38   3:04   5:33 
Jarome Iginla            2  1  3   2  0   6  3  0  0  0  3/4    19:27   3:12   2:38 
Jason Demers             0  2  2   1  2   1  0  3  0  1  0/0    28:28   4:03   5:36 
Keaton Ellerby           0  0  0   0  0   0  1  0  0  0  0/0     2:10   0:00   0:00 
Mark Stuart              0  1  1   0  0   1  0  2  0  0  0/0    23:38   2:18   3:21 
Matt Cooke               0  0  0  -1  2   2  2  0  0  0  1/1    16:27   2:40   0:37 
Matt Hendricks           0  0  0  -1  2   1  1  0  0  0  1/3     7:08   0:00   0:00 
Nate Prosser             0  0  0   0  6   0  1  0  0  0  0/0    10:09   0:37   0:21 
Ryan O'Byrne             0  1  1   0  0   0  1  2  0  2  0/0    23:38   2:18   3:21 
Tim Jackman              0  0  0  -2  0   1  5  0  0  0  0/0    10:36   0:00   0:00 
Wojtek Wolski            1  1  2   2  0   9  1  0  0  0  0/1    25:09   3:04   5:25 
Zdeno Chara              0  0  0   0  0   2  1  0  0  1  0/0    10:04   0:21   0:00 

Players Stats for Canucks

Player Name              G  A  P  +/- PIM S  H  SB GA TA FO     MP     PP MP  PK MP  
------------------------------------------------------------------------------------
Alex Goligoski           0  1  1  -1  0   5  5  3  0  0  0/0    33:23   5:52   4:25 
Alex Tanguay             0  1  1   0  0   0  3  1  0  0  0/1    12:44   0:11   0:42 
Ben Lovejoy              0  0  0  -1  2   2  2  1  2  1  0/0    31:53   5:51   4:04 
Clarke MacArthur         0  2  2   2  2   5  1  0  1  0  0/0    17:13   4:17   0:00 
Cody Franson             0  0  0  -1  2   1  1  2  0  0  0/0    10:39   0:00   0:21 
Doug Janik               0  0  0   0  0   0  0  1  0  1  0/0     8:51   0:00   0:00 
Jaromir Jagr             1  0  1   2  0   1  3  0  0  0  4/5    18:33   4:18   0:25 
Matt Stajan              0  1  1  -2  2   3  1  2  0  0  20/42  28:25   4:49   3:45 
Maxim Afinogenov         0  1  1  -3  0   5  2  1  1  0  1/2    24:46   4:57   4:11 
Maxim Lapierre           0  1  1   1  0   3  3  0  1  0  0/3    12:05   0:00   0:55 
Milan Michalek           2  0  2  -1  0   3  1  1  1  0  0/1    20:08   4:49   1:23 
Nikolai Zherdev          1  0  1   1  0   1  2  0  0  0  0/0    11:02   0:00   0:00 
Ryan Craig               0  0  0   0  0   0  0  0  0  0  0/2     3:31   0:14   0:05 
Ryan Parent              0  0  0   1  0   0  1  0  0  0  0/0    21:55   3:26   3:37 
Ryane Clowe              0  0  0   0  0   1  0  1  0  0  5/5     7:14   0:00   2:57 
Sami Lepisto             0  0  0   1  0   2  2  3  0  0  0/0    21:55   3:26   3:37 
T.J. Hensick             0  0  0   0  0   0  1  0  0  0  0/3     4:17   0:00   0:00 
Tomas Plekanec           1  1  2   2  0   2  0  0  0  0  4/13   17:09   4:18   0:00 

3 Stars

1 - Jarome Iginla (Bos)
2 - Andrew Alberts (Bos)
3 - Eric Lindros (Bos)

Power Play

Bruins - 2 on 6 Attempt(s) - 33,33%
Canucks - 1 on 7 Attempt(s) - 14,29%

Penalty Kill

Bruins - 6 on 7 Attempt(s) - 85,71% - Score 1 goal in Penalty Kill
Canucks - 4 on 6 Attempt(s) - 66,67% - Score 0 goal in Penalty Kill

Team Stat

Bruins - Hits : 30 - Faceoff Wins : 43 - Blocked Shots : 14 - Penalty Minutes : 14
Canucks - Hits : 28 - Faceoff Wins : 34 - Blocked Shots : 16 - Penalty Minutes : 8

Official

Referees : LaRue Dennis and Jackson Dave
Linesman : Vaughan Rody and Don Henderson

Game Notes

19:53 of 1st period - Canucks goal is going for a video replay. After video review, Goal.
Karri Ramo enters game at 19:53 of 1st period

Finance

Level 1 -- Attendance: 6000 (100,00%) -- Ticket Income 516 000 $
Level 2 -- Attendance: 5000 (100,00%) -- Ticket Income 245 000 $
Level 3 -- Attendance: 2000 (100,00%) -- Ticket Income 60 000 $
Level 4 -- Attendance: 4000 (100,00%) -- Ticket Income 68 000 $
Luxury Box -- Attendance: 1000 (100,00%) -- Ticket Income 100 000 $
Game was played at the Budweiser Coliseum.
Total Attendance: 18000 (100,00%)
Total Ticket Income: 989 000 $
Other Income: 148 350 $
Total Income: 1 137 350 $

Bruins

5 vs 5 Forward 
   Center                   Left Wing                Right Wing               Time % Phy DF OF 
 1 Henrik Sedin             Wojtek Wolski            Jarome Iginla            40     1   2  2  
 2 Eric Lindros             Matt Cooke               Dainius Zubrus           30     1   2  2  
 3 Dave Bolland             Curtis Glencross         Tim Jackman              20     1   2  2  
 4 Matt Hendricks           Henrik Sedin             David Moss               10     1   2  2  

5 vs 5 Defense 
   Defense                  Defense                                           Time % Phy DF OF 
 1 Andrew Alberts           Jason Demers                                      40     1   2  2  
 2 Ryan O'Byrne             Mark Stuart                                       30     1   2  2  
 3 Zdeno Chara              Nate Prosser                                      20     1   2  2  
 4 Keaton Ellerby           Andrew Alberts                                    10     1   2  2  

PowerPlay Forward 
   Center                   Left Wing                Right Wing               Time % Phy DF OF 
 1 Henrik Sedin             Wojtek Wolski            Jarome Iginla            60     1   2  2  
 2 Eric Lindros             Matt Cooke               Dainius Zubrus           40     1   2  2  

PowerPlay Defense
   Defense                  Defense                                           Time % Phy DF OF 
 1 Andrew Alberts           Jason Demers                                      60     1   2  2  
 2 Ryan O'Byrne             Mark Stuart                                       40     1   2  2  

Penalty Kill 4 Players Forward 
   Center                   Wing                     Time % Phy DF OF 
 1 Henrik Sedin             Wojtek Wolski            60     1   2  2  
 2 Jarome Iginla            Eric Lindros             40     1   2  2  

Penalty Kill 4 Players Defense
   Defense                  Defense                  Time % Phy DF OF 
 1 Andrew Alberts           Jason Demers             60     1   2  2  
 2 Ryan O'Byrne             Mark Stuart              40     1   2  2  

Penalty Kill - 3 Players Forward 
   Forward                                           Time % Phy DF OF 
 1 Henrik Sedin                                      60     1   2  2  
 2 Wojtek Wolski                                     40     1   2  2  

Penalty Kill - 3 Players Defense
   Defense                  Defense                  Time % Phy DF OF 
 1 Andrew Alberts           Jason Demers             60     1   2  2  
 2 Ryan O'Byrne             Mark Stuart              40     1   2  2  

4 vs 4 Forward 
   Center                   Wing                     Time % Phy DF OF 
 1 Henrik Sedin             Wojtek Wolski            60     1   2  2  
 2 Jarome Iginla            Eric Lindros             40     1   2  2  

4 vs 4 Defense
   Defense                  Defense                  Time % Phy DF OF 
 1 Andrew Alberts           Jason Demers             60     1   2  2  
 2 Ryan O'Byrne             Mark Stuart              40     1   2  2  

Last Minutes Offensive
   Center                   Left Wing                Right Wing               Defense                  Defense                  
   Henrik Sedin             Wojtek Wolski            Jarome Iginla            Andrew Alberts           Jason Demers             

Last Minutes Defensive
   Center                   Left Wing                Right Wing               Defense                  Defense                  
   Henrik Sedin             Wojtek Wolski            Jarome Iginla            Andrew Alberts           Jason Demers             

Goaltenders
Starting : Roberto Luongo           
Backup : Karri Ramo               

Extra Forwards
Normal : Dave Bolland, Matt Hendricks, Curtis Glencross - PP : Dave Bolland, Matt Hendricks - PK : Curtis Glencross
Extra Defensemen
Normal : Zdeno Chara, Nate Prosser, Keaton Ellerby - PP : Zdeno Chara - PK : Nate Prosser, Keaton Ellerby
Penalty Shots
Henrik Sedin, Wojtek Wolski, Jarome Iginla, Eric Lindros, Matt Cooke

Canucks

5 vs 5 Forward 
   Center                   Left Wing                Right Wing               Time % Phy DF OF 
 1 Matt Stajan              Milan Michalek           Maxim Afinogenov         40     1   2  2  
 2 Tomas Plekanec           Clarke MacArthur         Jaromir Jagr             30     1   2  2  
 3 Maxim Lapierre           Alex Tanguay             Nikolai Zherdev          20     1   2  2  
 4 T.J. Hensick             Ryane Clowe              Matt Stajan              10     1   2  2  

5 vs 5 Defense 
   Defense                  Defense                                           Time % Phy DF OF 
 1 Alex Goligoski           Ben Lovejoy                                       40     1   2  2  
 2 Sami Lepisto             Ryan Parent                                       30     1   2  2  
 3 Cody Franson             Doug Janik                                        20     1   2  2  
 4 Alex Goligoski           Ben Lovejoy                                       10     1   2  2  

PowerPlay Forward 
   Center                   Left Wing                Right Wing               Time % Phy DF OF 
 1 Matt Stajan              Milan Michalek           Maxim Afinogenov         60     1   2  2  
 2 Tomas Plekanec           Clarke MacArthur         Jaromir Jagr             40     1   2  2  

PowerPlay Defense
   Defense                  Defense                                           Time % Phy DF OF 
 1 Alex Goligoski           Ben Lovejoy                                       60     1   2  2  
 2 Sami Lepisto             Ryan Parent                                       40     1   2  2  

Penalty Kill 4 Players Forward 
   Center                   Wing                     Time % Phy DF OF 
 1 Matt Stajan              Maxim Afinogenov         60     1   2  2  
 2 Jaromir Jagr             Milan Michalek           40     1   2  2  

Penalty Kill 4 Players Defense
   Defense                  Defense                  Time % Phy DF OF 
 1 Alex Goligoski           Ben Lovejoy              60     1   2  2  
 2 Sami Lepisto             Ryan Parent              40     1   2  2  

Penalty Kill - 3 Players Forward 
   Forward                                           Time % Phy DF OF 
 1 Matt Stajan                                       60     1   2  2  
 2 Maxim Afinogenov                                  40     1   2  2  

Penalty Kill - 3 Players Defense
   Defense                  Defense                  Time % Phy DF OF 
 1 Alex Goligoski           Ben Lovejoy              60     1   2  2  
 2 Sami Lepisto             Ryan Parent              40     1   2  2  

4 vs 4 Forward 
   Center                   Wing                     Time % Phy DF OF 
 1 Matt Stajan              Maxim Afinogenov         60     1   2  2  
 2 Jaromir Jagr             Milan Michalek           40     1   2  2  

4 vs 4 Defense
   Defense                  Defense                  Time % Phy DF OF 
 1 Alex Goligoski           Ben Lovejoy              60     1   2  2  
 2 Sami Lepisto             Ryan Parent              40     1   2  2  

Last Minutes Offensive
   Center                   Left Wing                Right Wing               Defense                  Defense                  
   Matt Stajan              Milan Michalek           Maxim Afinogenov         Alex Goligoski           Ben Lovejoy              

Last Minutes Defensive
   Center                   Left Wing                Right Wing               Defense                  Defense                  
   Matt Stajan              Milan Michalek           Maxim Afinogenov         Alex Goligoski           Ben Lovejoy              

Goaltenders
Starting : Chad Johnson             
Backup : Carey Price              

Extra Forwards
Normal : Ryan Craig, Alex Tanguay, Ryane Clowe - PP : Ryan Craig, Alex Tanguay - PK : Ryane Clowe
Extra Defensemen
Normal : Cody Franson, Doug Janik, Sami Lepisto - PP : Cody Franson - PK : Doug Janik, Sami Lepisto
Penalty Shots
Matt Stajan, Maxim Afinogenov, Jaromir Jagr, Milan Michalek, Clarke MacArthur

% Time on Ice - Bruins

Lines # - Real PCT - Wanted PCT - Time Play
Normal Forward
1 - 33% - 40% - 13:31
2 - 32% - 30% - 13:16
3 - 26% - 20% - 10:36
4 - 10% - 10% - 4:11
Normal Defense
1 - 39% - 40% - 16:22
2 - 35% - 30% - 14:29
3 - 21% - 20% - 8:33
4 - 5% - 10% - 2:10
PP Forward
1 - 48% - 60% - 3:04
2 - 52% - 40% - 3:17
PP Defense
1 - 64% - 60% - 4:03
2 - 36% - 40% - 2:18
PK Forward
1 - 72% - 60% - 6:40
2 - 28% - 40% - 2:38
PK Defense
1 - 64% - 60% - 5:57
2 - 36% - 40% - 3:21
PK3 Forward
1 - 0% - 60%
2 - 0% - 40%
PK3 Defense
1 - 0% - 60%
2 - 0% - 40%
44 Forward
1 - 77% - 60% - 5:19
2 - 23% - 40% - 1:37
44 Defense
1 - 50% - 60% - 3:26
2 - 50% - 40% - 3:30
Last Minute Offensive  - 0:00
Last Minute Defensive  - 0:00
Total
Forward - 64:09
Defense - 64:09

% Time on Ice - Canucks

Lines # - Real PCT - Wanted PCT - Time Play
Normal Forward
1 - 32% - 40% - 13:24
2 - 31% - 30% - 12:51
3 - 27% - 20% - 11:02
4 - 10% - 10% - 4:17
Normal Defense
1 - 42% - 40% - 17:31
2 - 33% - 30% - 13:34
3 - 21% - 20% - 8:51
4 - 4% - 10% - 1:38
PP Forward
1 - 54% - 60% - 5:00
2 - 46% - 40% - 4:18
PP Defense
1 - 63% - 60% - 5:52
2 - 37% - 40% - 3:26
PK Forward
1 - 78% - 60% - 4:58
2 - 22% - 40% - 1:23
PK Defense
1 - 54% - 60% - 3:26
2 - 46% - 40% - 2:55
PK3 Forward
1 - 100% - 60% - 1:41
2 - 0% - 40% - 0:00
PK3 Defense
1 - 58% - 60% - 0:59
2 - 42% - 40% - 0:42
44 Forward
1 - 81% - 60% - 4:16
2 - 19% - 40% - 0:59
44 Defense
1 - 75% - 60% - 3:57
2 - 25% - 40% - 1:18
Last Minute Offensive  - 0:00
Last Minute Defensive  - 0:00
Total
Forward - 64:09
Defense - 64:09

Play by Play

1st period


0:01 of 1st period - Matt Stajan wins face-off versus Henrik Sedin in neutral zone.
0:01 of 1st period - Matt Stajan is hit by Jarome Iginla.
0:50 of 1st period - Andrew Alberts is hit by Nikolai Zherdev and loses puck.
1:05 of 1st period - Snap shot by Matt Hendricks.
1:05 of 1st period - Deflect By Henrik Sedin.
1:05 of 1st period - Shot Misses the Net.
1:05 of 1st period - Puck is out of play.
1:06 of 1st period - Matt Hendricks wins face-off versus T.J. Hensick in Canucks zone.
1:31 of 1st period - Ryan O'Byrne is hit by Jaromir Jagr and loses puck.
1:58 of 1st period - Snap shot by Nikolai Zherdev.
1:58 of 1st period - Goal by Nikolai Zherdev - Bruins : 0 - Canucks : 1.
1:59 of 1st period - Henrik Sedin wins face-off versus Matt Stajan in neutral zone.
2:02 of 1st period - Doug Janik is hit by Henrik Sedin and loses puck.
2:11 of 1st period - Slapshot by Maxim Afinogenov.
2:11 of 1st period - Shot Misses the Net.
2:25 of 1st period - Jaromir Jagr is hit by Keaton Ellerby and loses puck.
2:54 of 1st period - Mark Stuart is hit by Maxim Lapierre and loses puck.
3:38 of 1st period - Minor Penalty to Nate Prosser for Hooking.
3:39 of 1st period - Matt Stajan wins face-off versus Henrik Sedin in Bruins zone.
3:47 of 1st period - Slapshot by Ben Lovejoy.
3:47 of 1st period - Stopped by Roberto Luongo without a rebound.
3:48 of 1st period - Matt Stajan wins face-off versus Henrik Sedin in Bruins zone.
3:49 of 1st period - Snap shot by Milan Michalek.
3:49 of 1st period - Goal by Milan Michalek - Bruins : 0 - Canucks : 2.
3:50 of 1st period - Henrik Sedin wins face-off versus Matt Stajan in neutral zone.
3:55 of 1st period - Snap shot by Jarome Iginla.
3:55 of 1st period - Stopped by Chad Johnson with a rebound.
4:05 of 1st period - Slapshot by Jarome Iginla.
4:05 of 1st period - Shot Misses the Net.
4:45 of 1st period - Off-side.
4:46 of 1st period - Tomas Plekanec wins face-off versus Henrik Sedin in neutral zone.
5:30 of 1st period - Snap shot by Clarke MacArthur.
5:30 of 1st period - Stopped by Roberto Luongo with a rebound.
5:32 of 1st period - Snap shot by Clarke MacArthur.
5:32 of 1st period - Shot Blocked by Dave Bolland.
5:58 of 1st period - Snap shot by Tomas Plekanec.
5:58 of 1st period - Goal by Tomas Plekanec - Bruins : 0 - Canucks : 3.
5:59 of 1st period - Henrik Sedin wins face-off versus Matt Stajan in neutral zone.
6:24 of 1st period - Eric Lindros is hit by Nikolai Zherdev and loses puck.
7:03 of 1st period - Matt Stajan is hit by Tim Jackman and loses puck.
7:18 of 1st period - Keaton Ellerby is hit by Maxim Lapierre and loses puck.
7:54 of 1st period - Wrist shot by Ryane Clowe.
7:54 of 1st period - Stopped by Roberto Luongo with a rebound.
8:07 of 1st period - Icing by Maxim Lapierre.
8:08 of 1st period - Eric Lindros wins face-off versus Maxim Lapierre in Canucks zone.
8:13 of 1st period - Snap shot by Matt Cooke.
8:13 of 1st period - Stopped by Chad Johnson with a rebound.
8:19 of 1st period - Wrist shot by Alex Tanguay.
8:19 of 1st period - Shot Misses the Net.
8:33 of 1st period - Matt Stajan is hit by Tim Jackman and loses puck.
9:19 of 1st period - Alex Tanguay is hit by Matt Cooke and loses puck.
9:30 of 1st period - Wrist shot by Tomas Plekanec.
9:30 of 1st period - Shot Blocked by Jason Demers.
9:32 of 1st period - Slapshot by Tomas Plekanec.
9:32 of 1st period - Stopped by Roberto Luongo with a rebound.
9:34 of 1st period - Slapshot by Ryan Parent.
9:34 of 1st period - Shot Misses the Net.
9:36 of 1st period - Slapshot by Doug Janik.
9:36 of 1st period - Shot Blocked by Dave Bolland.
9:38 of 1st period - Snap shot by Jaromir Jagr.
9:38 of 1st period - Shot Blocked by Andrew Alberts.
9:40 of 1st period - Slapshot by Jaromir Jagr.
9:40 of 1st period - Shot Misses the Net.
9:42 of 1st period - Wrist shot by Clarke MacArthur.
9:42 of 1st period - Stopped by Roberto Luongo with a rebound.
11:11 of 1st period - Snap shot by Maxim Lapierre.
11:11 of 1st period - Stopped by Roberto Luongo with a rebound.
11:51 of 1st period - Wrist shot by Clarke MacArthur.
11:51 of 1st period - Stopped by Roberto Luongo without a rebound.
11:52 of 1st period - Jaromir Jagr wins face-off versus Dave Bolland in Bruins zone.
12:32 of 1st period - Icing by Maxim Lapierre.
12:33 of 1st period - Eric Lindros wins face-off versus Maxim Lapierre in Canucks zone.
12:34 of 1st period - Wrist shot by Matt Cooke.
12:34 of 1st period - Deflect By Eric Lindros.
12:34 of 1st period - Shot Blocked by Doug Janik.
12:34 of 1st period - Puck is out of play.
12:35 of 1st period - Eric Lindros wins face-off versus Matt Stajan in Canucks zone.
13:22 of 1st period - Alex Tanguay is hit by Tim Jackman and loses puck.
13:33 of 1st period - Dave Bolland is hit by Sami Lepisto and loses puck.
13:46 of 1st period - Wrist shot by Matt Cooke.
13:46 of 1st period - Stopped by Chad Johnson without a rebound.
13:47 of 1st period - Eric Lindros wins face-off versus Matt Stajan in Canucks zone.
13:56 of 1st period - Snap shot by Dainius Zubrus.
13:56 of 1st period - Stopped by Chad Johnson with a rebound.
14:02 of 1st period - Snap shot by Matt Cooke.
14:02 of 1st period - Shot Misses the Net.
14:14 of 1st period - Jarome Iginla is hit by Jaromir Jagr and loses puck.
14:40 of 1st period - Dave Bolland is hit by Alex Goligoski.
15:00 of 1st period - Minor Penalty to Matt Cooke for Roughing.
15:01 of 1st period - Henrik Sedin wins face-off versus Matt Stajan in Bruins zone.
15:15 of 1st period - Snap shot by Matt Stajan.
15:15 of 1st period - Stopped by Roberto Luongo with a rebound.
16:57 of 1st period - Jaromir Jagr is hit by Dainius Zubrus and loses puck.
17:00 of 1st period - Penalty to Matt Cooke is over, Matt Cooke is back on ice.
17:10 of 1st period - Sami Lepisto is hit by Dave Bolland and loses puck.
17:17 of 1st period - Curtis Glencross is hit by Alex Tanguay.
17:23 of 1st period - Nate Prosser is hit by Cody Franson and loses puck.
17:34 of 1st period - Matt Stajan is hit by Henrik Sedin and loses puck.
18:00 of 1st period - Icing by Eric Lindros.
18:01 of 1st period - Eric Lindros wins face-off versus Ryan Craig in Bruins zone.
18:06 of 1st period - Ben Lovejoy is hit by Eric Lindros and loses puck.
18:15 of 1st period - Snap shot by Matt Cooke.
18:15 of 1st period - Deflect By Dainius Zubrus.
18:15 of 1st period - Shot Misses the Net.
18:15 of 1st period - Puck is out of play.
18:16 of 1st period - Jaromir Jagr wins face-off versus Henrik Sedin in Canucks zone.
18:16 of 1st period - Jaromir Jagr is hit by Nate Prosser.
18:22 of 1st period - Slapshot by Alex Goligoski.
18:22 of 1st period - Stopped by Roberto Luongo without a rebound.
18:23 of 1st period - Jarome Iginla wins face-off versus Tomas Plekanec in Bruins zone.
18:50 of 1st period - Snap shot by Eric Lindros.
18:50 of 1st period - Shot Blocked by Alex Goligoski.
18:58 of 1st period - Eric Lindros is hit by Alex Goligoski.
19:16 of 1st period - Wrist shot by Alex Tanguay.
19:16 of 1st period - Shot Misses the Net.
19:18 of 1st period - Snap shot by Alex Tanguay.
19:18 of 1st period - Shot Blocked by Mark Stuart.
19:28 of 1st period - Ryan O'Byrne is hit by T.J. Hensick and loses puck.
19:53 of 1st period - Snap shot by Jaromir Jagr.
19:53 of 1st period - Canucks goal is going for a video replay.
19:53 of 1st period - The goal is good.
19:53 of 1st period - Goal by Jaromir Jagr - Bruins : 0 - Canucks : 4.
19:53 of 1st period - Karri Ramo enters game.
19:54 of 1st period - Henrik Sedin wins face-off versus Matt Stajan in neutral zone.
19:54 of 1st period - Henrik Sedin is hit by Maxim Afinogenov.
19:58 of 1st period - Milan Michalek is hit by Wojtek Wolski and loses puck.
Goals for this period are 0 for Bruins vs 4 for Canucks.
Shots for this period are 4 for Bruins vs 13 for Canucks.

2nd period


0:01 of 2nd period - Matt Stajan wins face-off versus Henrik Sedin in neutral zone.
0:04 of 2nd period - Slapshot by Ben Lovejoy.
0:04 of 2nd period - Stopped by Karri Ramo without a rebound.
0:05 of 2nd period - Henrik Sedin wins face-off versus Milan Michalek in Bruins zone.
0:05 of 2nd period - Henrik Sedin is hit by Ben Lovejoy.
0:53 of 2nd period - Andrew Alberts is hit by Ryan Parent and loses puck.
0:58 of 2nd period - Slapshot by Curtis Glencross.
0:58 of 2nd period - Deflect By Dave Bolland.
0:58 of 2nd period - Stopped by Chad Johnson with a rebound.
1:00 of 2nd period - Snap shot by Tim Jackman.
1:00 of 2nd period - Shot Misses the Net.
1:31 of 2nd period - Clarke MacArthur is hit by Dainius Zubrus and loses puck.
2:08 of 2nd period - Snap shot by Dave Bolland.
2:08 of 2nd period - Shot Misses the Net.
2:41 of 2nd period - Snap shot by Milan Michalek.
2:41 of 2nd period - Deflect By Maxim Afinogenov.
2:41 of 2nd period - Stopped by Karri Ramo without a rebound.
2:42 of 2nd period - Eric Lindros wins face-off versus Maxim Lapierre in Bruins zone.
2:50 of 2nd period - Snap shot by Eric Lindros.
2:50 of 2nd period - Shot Blocked by Cody Franson.
2:52 of 2nd period - Slapshot by Eric Lindros.
2:52 of 2nd period - Shot Misses the Net.
2:54 of 2nd period - Slapshot by Eric Lindros.
2:54 of 2nd period - Stopped by Chad Johnson with a rebound.
2:56 of 2nd period - Snap shot by Andrew Alberts.
2:56 of 2nd period - Stopped by Chad Johnson without a rebound.
2:57 of 2nd period - Henrik Sedin wins face-off versus Matt Stajan in Canucks zone.
3:22 of 2nd period - Eric Lindros is hit by Clarke MacArthur and loses puck.
3:45 of 2nd period - Wrist shot by Henrik Sedin.
3:45 of 2nd period - Deflect By Matt Hendricks.
3:45 of 2nd period - Stopped by Chad Johnson with a rebound.
4:03 of 2nd period - Minor Penalty to David Moss for Holding.
4:04 of 2nd period - Henrik Sedin wins face-off versus Matt Stajan in Bruins zone.
4:04 of 2nd period - Henrik Sedin is hit by Alex Goligoski.
4:10 of 2nd period - Snap shot by Maxim Afinogenov.
4:10 of 2nd period - Deflect By Milan Michalek.
4:10 of 2nd period - Shot Misses the Net.
4:10 of 2nd period - Puck is out of play.
4:11 of 2nd period - Maxim Afinogenov wins face-off versus Henrik Sedin in Bruins zone.
6:03 of 2nd period - Penalty to David Moss is over, David Moss is back on ice.
6:04 of 2nd period - Curtis Glencross is hit by Matt Stajan and loses puck.
6:15 of 2nd period - Snap shot by Eric Lindros.
6:15 of 2nd period - Shot Misses the Net.
6:17 of 2nd period - Snap shot by Dainius Zubrus.
6:17 of 2nd period - Shot Misses the Net.
6:19 of 2nd period - Slapshot by Andrew Alberts.
6:19 of 2nd period - Shot Misses the Net.
6:21 of 2nd period - Slapshot by Jason Demers.
6:21 of 2nd period - Shot Misses the Net.
6:23 of 2nd period - Snap shot by Dainius Zubrus.
6:23 of 2nd period - Shot Blocked by Alex Tanguay.
6:36 of 2nd period - Off-side.
6:37 of 2nd period - Dave Bolland wins face-off versus T.J. Hensick in neutral zone.
6:40 of 2nd period - Ryan Parent is hit by Curtis Glencross and loses puck.
6:47 of 2nd period - Snap shot by Curtis Glencross.
6:47 of 2nd period - Shot Misses the Net.
7:56 of 2nd period - Minor Penalty to Nate Prosser for Hooking.
7:57 of 2nd period - Henrik Sedin wins face-off versus Matt Stajan in Bruins zone.
8:06 of 2nd period - Wrist shot by Henrik Sedin.
8:06 of 2nd period - Shot Misses the Net.
8:46 of 2nd period - Minor Penalty to Clarke MacArthur for Hooking.
8:47 of 2nd period - Matt Stajan wins face-off versus Henrik Sedin in Canucks zone.
8:52 of 2nd period - Slapshot by Alex Goligoski.
8:52 of 2nd period - Shot Misses the Net.
8:54 of 2nd period - Slapshot by Ben Lovejoy.
8:54 of 2nd period - Shot Blocked by Ryan O'Byrne.
8:56 of 2nd period - Slapshot by Maxim Afinogenov.
8:56 of 2nd period - Stopped by Karri Ramo without a rebound.
8:57 of 2nd period - Matt Stajan wins face-off versus Henrik Sedin in Bruins zone.
9:02 of 2nd period - Snap shot by Matt Stajan.
9:02 of 2nd period - Shot Blocked by Mark Stuart.
9:04 of 2nd period - Wrist shot by Maxim Afinogenov.
9:04 of 2nd period - Stopped by Karri Ramo without a rebound.
9:05 of 2nd period - Henrik Sedin wins face-off versus Matt Stajan in Bruins zone.
9:15 of 2nd period - Wojtek Wolski is hit by Maxim Afinogenov and loses puck.
9:56 of 2nd period - Penalty to Nate Prosser is over, Nate Prosser is back on ice.
10:21 of 2nd period - Snap shot by Eric Lindros.
10:21 of 2nd period - Shot Blocked by Ryane Clowe.
10:32 of 2nd period - Off-side.
10:33 of 2nd period - Ryane Clowe wins face-off versus Henrik Sedin in neutral zone.
10:46 of 2nd period - Penalty to Clarke MacArthur is over, Clarke MacArthur is back on ice.
10:55 of 2nd period - Minor Penalty to Matt Hendricks for Holding.
10:56 of 2nd period - Henrik Sedin wins face-off versus Tomas Plekanec in Bruins zone.
11:00 of 2nd period - Slapshot by Jason Demers.
11:00 of 2nd period - Stopped by Chad Johnson with a rebound.
11:02 of 2nd period - Slapshot by Wojtek Wolski.
11:02 of 2nd period - Shot Misses the Net.
11:28 of 2nd period - Jason Demers is hit by Sami Lepisto and loses puck.
12:55 of 2nd period - Penalty to Matt Hendricks is over, Matt Hendricks is back on ice.
13:00 of 2nd period - Ryan O'Byrne is hit by Maxim Lapierre.
13:10 of 2nd period - Wrist shot by Henrik Sedin.
13:10 of 2nd period - Shot Misses the Net.
13:59 of 2nd period - Minor Penalty to Nate Prosser for Tripping.
14:00 of 2nd period - Henrik Sedin wins face-off versus Tomas Plekanec in Bruins zone.
14:05 of 2nd period - Tomas Plekanec is hit by Andrew Alberts and loses puck.
14:09 of 2nd period - Icing by Tomas Plekanec.
14:10 of 2nd period - Tomas Plekanec wins face-off versus Henrik Sedin in Canucks zone.
14:58 of 2nd period - Slapshot by Alex Goligoski.
14:58 of 2nd period - Stopped by Karri Ramo without a rebound.
14:59 of 2nd period - Matt Stajan wins face-off versus Wojtek Wolski in Bruins zone.
15:00 of 2nd period - Wrist shot by Maxim Afinogenov.
15:00 of 2nd period - Stopped by Karri Ramo with a rebound.
15:24 of 2nd period - Matt Stajan is hit by Ryan O'Byrne.
15:36 of 2nd period - Slapshot by Jarome Iginla.
15:36 of 2nd period - Goal by Jarome Iginla - Bruins : 1 - Canucks : 4.
15:37 of 2nd period - Henrik Sedin wins face-off versus Matt Stajan in neutral zone.
15:46 of 2nd period - Wrist shot by Henrik Sedin.
15:46 of 2nd period - Deflect By Wojtek Wolski.
15:46 of 2nd period - Shot Misses the Net.
15:46 of 2nd period - Puck is out of play.
15:47 of 2nd period - Matt Stajan wins face-off versus Henrik Sedin in Canucks zone.
15:59 of 2nd period - Penalty to Nate Prosser is over, Nate Prosser is back on ice.
16:07 of 2nd period - Wrist shot by Milan Michalek.
16:07 of 2nd period - Shot Misses the Net.
16:13 of 2nd period - Snap shot by Matt Stajan.
16:13 of 2nd period - Shot Hit the Post.
16:33 of 2nd period - Snap shot by Wojtek Wolski.
16:33 of 2nd period - Shot Blocked by Matt Stajan.
16:35 of 2nd period - Snap shot by Wojtek Wolski.
16:35 of 2nd period - Stopped by Chad Johnson with a rebound.
16:37 of 2nd period - Slapshot by Andrew Alberts.
16:37 of 2nd period - Shot Blocked by Maxim Afinogenov.
16:39 of 2nd period - Snap shot by Wojtek Wolski.
16:39 of 2nd period - Goal by Wojtek Wolski - Bruins : 2 - Canucks : 4.
16:40 of 2nd period - Eric Lindros wins face-off versus Tomas Plekanec in neutral zone.
16:42 of 2nd period - Off-side.
16:43 of 2nd period - Jaromir Jagr wins face-off versus Dainius Zubrus in neutral zone.
16:46 of 2nd period - Snap shot by Jaromir Jagr.
16:46 of 2nd period - Shot Blocked by Ryan O'Byrne.
16:54 of 2nd period - Wrist shot by Eric Lindros.
16:54 of 2nd period - Stopped by Chad Johnson without a rebound.
16:54 of 2nd period - Minor Penalty to Chad Johnson for Slashing.
16:55 of 2nd period - Henrik Sedin wins face-off versus Matt Stajan in Canucks zone.
16:58 of 2nd period - Snap shot by Wojtek Wolski.
16:58 of 2nd period - Shot Blocked by Ben Lovejoy.
17:06 of 2nd period - Wrist shot by Wojtek Wolski.
17:06 of 2nd period - Shot Misses the Net.
17:08 of 2nd period - Slapshot by Wojtek Wolski.
17:08 of 2nd period - Shot Blocked by Alex Goligoski.
17:10 of 2nd period - Snap shot by Jarome Iginla.
17:10 of 2nd period - Shot Misses the Net.
18:08 of 2nd period - Slapshot by Wojtek Wolski.
18:08 of 2nd period - Stopped by Chad Johnson with a rebound.
18:10 of 2nd period - Wrist shot by Jarome Iginla.
18:10 of 2nd period - Stopped by Chad Johnson without a rebound.
18:11 of 2nd period - Matt Stajan wins face-off versus Henrik Sedin in Canucks zone.
18:11 of 2nd period - Matt Stajan is hit by Jarome Iginla.
18:23 of 2nd period - Snap shot by Jarome Iginla.
18:23 of 2nd period - Goal by Jarome Iginla - Bruins : 3 - Canucks : 4.
18:24 of 2nd period - Jarome Iginla wins face-off versus Matt Stajan in neutral zone.
18:29 of 2nd period - Slapshot by Mark Stuart.
18:29 of 2nd period - Stopped by Chad Johnson with a rebound.
18:31 of 2nd period - Snap shot by Wojtek Wolski.
18:31 of 2nd period - Stopped by Chad Johnson with a rebound.
18:33 of 2nd period - Backhand shot by Jarome Iginla.
18:33 of 2nd period - Stopped by Chad Johnson without a rebound.
18:34 of 2nd period - Matt Stajan wins face-off versus Henrik Sedin in Canucks zone.
18:47 of 2nd period - Snap shot by Milan Michalek.
18:47 of 2nd period - Stopped by Karri Ramo without a rebound.
18:48 of 2nd period - Henrik Sedin wins face-off versus Matt Stajan in Bruins zone.
19:15 of 2nd period - Jaromir Jagr is hit by Eric Lindros and loses puck.
19:55 of 2nd period - Jaromir Jagr is hit by Curtis Glencross and loses puck.
Goals for this period are 3 for Bruins vs 0 for Canucks.
Shots for this period are 15 for Bruins vs 7 for Canucks.

3rd period


0:01 of 3rd period - Matt Stajan wins face-off versus Jarome Iginla in neutral zone.
0:03 of 3rd period - Off-side.
0:04 of 3rd period - Matt Stajan wins face-off versus Henrik Sedin in neutral zone.
0:14 of 3rd period - Wrist shot by Matt Stajan.
0:14 of 3rd period - Stopped by Karri Ramo without a rebound.
0:15 of 3rd period - Matt Stajan wins face-off versus Henrik Sedin in Bruins zone.
0:48 of 3rd period - Snap shot by Maxim Afinogenov.
0:48 of 3rd period - Deflect By Milan Michalek.
0:48 of 3rd period - Shot Blocked by Jason Demers.
0:48 of 3rd period - Puck is out of play.
0:49 of 3rd period - Henrik Sedin wins face-off versus Tomas Plekanec in Bruins zone.
1:20 of 3rd period - Snap shot by Alex Tanguay.
1:20 of 3rd period - Shot Blocked by Dainius Zubrus.
1:22 of 3rd period - Backhand shot by Maxim Lapierre.
1:22 of 3rd period - Stopped by Karri Ramo without a rebound.
1:23 of 3rd period - Matt Stajan wins face-off versus Henrik Sedin in Bruins zone.
1:34 of 3rd period - Snap shot by Milan Michalek.
1:34 of 3rd period - Shot Blocked by Andrew Alberts.
1:36 of 3rd period - Backhand shot by Matt Stajan.
1:36 of 3rd period - Deflect By Henrik Sedin.
1:36 of 3rd period - Shot Misses the Net.
1:36 of 3rd period - Puck is out of play.
1:37 of 3rd period - Henrik Sedin wins face-off versus Matt Stajan in Bruins zone.
2:11 of 3rd period - Minor Penalty to Jason Demers for Cross-checking.
2:12 of 3rd period - Matt Stajan wins face-off versus Henrik Sedin in Bruins zone.
2:26 of 3rd period - Slapshot by Milan Michalek.
2:26 of 3rd period - Shot Blocked by Andrew Alberts.
2:32 of 3rd period - Minor Penalty to Ben Lovejoy for High sticking.
2:33 of 3rd period - Henrik Sedin wins face-off versus Matt Stajan in Canucks zone.
3:23 of 3rd period - Jarome Iginla is hit by Milan Michalek and loses puck.
3:46 of 3rd period - Off-side.
3:47 of 3rd period - Dave Bolland wins face-off versus Ryan Craig in neutral zone.
3:50 of 3rd period - Ryan Parent is hit by Andrew Alberts and loses puck.
3:55 of 3rd period - Wrist shot by Dave Bolland.
3:55 of 3rd period - Stopped by Chad Johnson with a rebound.
3:57 of 3rd period - Wrist shot by Andrew Alberts.
3:57 of 3rd period - Deflect By Matt Hendricks.
3:57 of 3rd period - Shot Misses the Net.
3:57 of 3rd period - Puck is out of play.
3:58 of 3rd period - Henrik Sedin wins face-off versus Matt Stajan in Canucks zone.
3:59 of 3rd period - Snap shot by Wojtek Wolski.
3:59 of 3rd period - Stopped by Chad Johnson with a rebound.
4:01 of 3rd period - Wrist shot by Henrik Sedin.
4:01 of 3rd period - Stopped by Chad Johnson with a rebound.
4:03 of 3rd period - Snap shot by Wojtek Wolski.
4:03 of 3rd period - Stopped by Chad Johnson with a rebound.
4:05 of 3rd period - Slapshot by Zdeno Chara.
4:05 of 3rd period - Stopped by Chad Johnson without a rebound.
4:06 of 3rd period - Henrik Sedin wins face-off versus Matt Stajan in Canucks zone.
4:11 of 3rd period - Penalty to Jason Demers is over, Jason Demers is back on ice.
4:11 of 3rd period - Snap shot by Henrik Sedin.
4:11 of 3rd period - Shot Blocked by Matt Stajan.
4:13 of 3rd period - Wrist shot by Wojtek Wolski.
4:13 of 3rd period - Shot Misses the Net.
4:15 of 3rd period - Snap shot by Henrik Sedin.
4:15 of 3rd period - Stopped by Chad Johnson with a rebound.
4:31 of 3rd period - Wrist shot by Wojtek Wolski.
4:31 of 3rd period - Stopped by Chad Johnson with a rebound.
4:32 of 3rd period - Penalty to Ben Lovejoy is over, Ben Lovejoy is back on ice.
4:33 of 3rd period - Slapshot by Andrew Alberts.
4:33 of 3rd period - Stopped by Chad Johnson with a rebound.
4:35 of 3rd period - Snap shot by Zdeno Chara.
4:35 of 3rd period - Stopped by Chad Johnson with a rebound.
4:37 of 3rd period - Slapshot by Wojtek Wolski.
4:37 of 3rd period - Shot Misses the Net.
4:39 of 3rd period - Snap shot by Henrik Sedin.
4:39 of 3rd period - Shot Blocked by Cody Franson.
4:41 of 3rd period - Snap shot by Jason Demers.
4:41 of 3rd period - Shot Misses the Net.
4:43 of 3rd period - Snap shot by Henrik Sedin.
4:43 of 3rd period - Goal by Henrik Sedin - Bruins : 4 - Canucks : 4.
4:44 of 3rd period - Tomas Plekanec wins face-off versus Eric Lindros in neutral zone.
4:59 of 3rd period - Jason Demers is hit by Alex Goligoski and loses puck.
5:31 of 3rd period - Maxim Lapierre is hit by Andrew Alberts and loses puck.
5:42 of 3rd period - Sami Lepisto is hit by Tim Jackman and loses puck.
6:08 of 3rd period - Snap shot by Nikolai Zherdev.
6:08 of 3rd period - Shot Misses the Net.
6:18 of 3rd period - Wrist shot by Maxim Lapierre.
6:18 of 3rd period - Stopped by Karri Ramo without a rebound.
6:19 of 3rd period - Henrik Sedin wins face-off versus Matt Stajan in Bruins zone.
6:30 of 3rd period - Snap shot by Maxim Afinogenov.
6:30 of 3rd period - Stopped by Karri Ramo with a rebound.
6:32 of 3rd period - Slapshot by Matt Stajan.
6:32 of 3rd period - Shot Misses the Net.
6:34 of 3rd period - Backhand shot by Alex Goligoski.
6:34 of 3rd period - Stopped by Karri Ramo without a rebound.
6:35 of 3rd period - Eric Lindros wins face-off versus Tomas Plekanec in Bruins zone.
6:42 of 3rd period - Snap shot by Eric Lindros.
6:42 of 3rd period - Stopped by Chad Johnson with a rebound.
6:50 of 3rd period - Ryan O'Byrne is hit by Jaromir Jagr and loses puck.
8:12 of 3rd period - Wrist shot by Clarke MacArthur.
8:12 of 3rd period - Shot Misses the Net.
9:19 of 3rd period - Keaton Ellerby is hit by Alex Tanguay and loses puck.
9:31 of 3rd period - Off-side.
9:32 of 3rd period - Matt Stajan wins face-off versus Matt Hendricks in neutral zone.
9:57 of 3rd period - Nate Prosser is hit by Alex Goligoski.
10:47 of 3rd period - Wrist shot by Jarome Iginla.
10:47 of 3rd period - Stopped by Chad Johnson with a rebound.
10:49 of 3rd period - Slapshot by Wojtek Wolski.
10:49 of 3rd period - Stopped by Chad Johnson without a rebound.
10:50 of 3rd period - Eric Lindros wins face-off versus Tomas Plekanec in Canucks zone.
11:11 of 3rd period - Minor Penalty to Cody Franson for Tripping.
11:12 of 3rd period - Matt Stajan wins face-off versus Henrik Sedin in Canucks zone.
11:40 of 3rd period - Off-side.
11:41 of 3rd period - Matt Stajan wins face-off versus Eric Lindros in neutral zone.
12:04 of 3rd period - Slapshot by Henrik Sedin.
12:04 of 3rd period - Stopped by Chad Johnson without a rebound.
12:05 of 3rd period - Henrik Sedin wins face-off versus Maxim Afinogenov in Canucks zone.
13:11 of 3rd period - Penalty to Cody Franson is over, Cody Franson is back on ice.
13:18 of 3rd period - Icing by Dave Bolland.
13:19 of 3rd period - Tomas Plekanec wins face-off versus Dave Bolland in Bruins zone.
13:20 of 3rd period - Snap shot by Jaromir Jagr.
13:20 of 3rd period - Deflect By Clarke MacArthur.
13:20 of 3rd period - Stopped by Karri Ramo with a rebound.
13:24 of 3rd period - Wrist shot by Tomas Plekanec.
13:24 of 3rd period - Shot Misses the Net.
13:26 of 3rd period - Slapshot by Clarke MacArthur.
13:26 of 3rd period - Stopped by Karri Ramo without a rebound.
13:27 of 3rd period - Jaromir Jagr wins face-off versus Henrik Sedin in Bruins zone.
13:28 of 3rd period - Slapshot by Clarke MacArthur.
13:28 of 3rd period - Deflect By Tomas Plekanec.
13:28 of 3rd period - Shot Blocked by Jason Demers.
13:28 of 3rd period - Puck is out of play.
13:29 of 3rd period - Henrik Sedin wins face-off versus Tomas Plekanec in Bruins zone.
13:40 of 3rd period - Slapshot by Sami Lepisto.
13:40 of 3rd period - Stopped by Karri Ramo with a rebound.
13:42 of 3rd period - Snap shot by Jaromir Jagr.
13:42 of 3rd period - Shot Misses the Net.
13:44 of 3rd period - Slapshot by Sami Lepisto.
13:44 of 3rd period - Deflect By Henrik Sedin.
13:44 of 3rd period - Stopped by Karri Ramo without a rebound.
13:45 of 3rd period - Matt Cooke wins face-off versus Matt Stajan in Bruins zone.
13:45 of 3rd period - Matt Cooke is hit by Ben Lovejoy.
14:11 of 3rd period - Eric Lindros is hit by Alex Tanguay and loses puck.
15:02 of 3rd period - Snap shot by Milan Michalek.
15:02 of 3rd period - Goal by Milan Michalek - Bruins : 4 - Canucks : 5.
15:03 of 3rd period - Henrik Sedin wins face-off versus Matt Stajan in neutral zone.
15:29 of 3rd period - Alex Goligoski is hit by Tim Jackman and loses puck.
15:36 of 3rd period - Wrist shot by Tim Jackman.
15:36 of 3rd period - Stopped by Chad Johnson with a rebound.
16:00 of 3rd period - Alex Goligoski is hit by Eric Lindros and loses puck.
16:10 of 3rd period - Alex Goligoski is hit by Zdeno Chara and loses puck.
16:20 of 3rd period - Off-side.
16:21 of 3rd period - Henrik Sedin wins face-off versus Tomas Plekanec in neutral zone.
16:24 of 3rd period - Slapshot by Andrew Alberts.
16:24 of 3rd period - Shot Blocked by Sami Lepisto.
16:26 of 3rd period - Wrist shot by Wojtek Wolski.
16:26 of 3rd period - Shot Blocked by Sami Lepisto.
16:28 of 3rd period - Wrist shot by Jarome Iginla.
16:28 of 3rd period - Shot Misses the Net.
17:16 of 3rd period - Icing by Maxim Afinogenov.
17:17 of 3rd period - Matt Stajan wins face-off versus Matt Hendricks in Canucks zone.
17:24 of 3rd period - Slapshot by Cody Franson.
17:24 of 3rd period - Stopped by Karri Ramo with a rebound.
17:30 of 3rd period - Maxim Afinogenov is hit by Matt Hendricks and loses puck.
17:43 of 3rd period - Nikolai Zherdev is hit by Curtis Glencross and loses puck.
18:06 of 3rd period - Wrist shot by Wojtek Wolski.
18:06 of 3rd period - Stopped by Chad Johnson without a rebound.
18:06 of 3rd period - Minor Penalty to Chad Johnson for Slashing.
18:07 of 3rd period - Matt Stajan wins face-off versus Henrik Sedin in Canucks zone.
18:07 of 3rd period - Matt Stajan is hit by Jarome Iginla.
18:39 of 3rd period - Slapshot by Mark Stuart.
18:39 of 3rd period - Deflect By Matt Cooke.
18:39 of 3rd period - Shot Blocked by Alex Goligoski.
18:39 of 3rd period - Puck is out of play.
18:40 of 3rd period - Ryane Clowe wins face-off versus Eric Lindros in Canucks zone.
18:49 of 3rd period - Bruins, Karri Ramo is pulled from the net.
19:09 of 3rd period - Sami Lepisto is hit by Matt Cooke and loses puck.
19:20 of 3rd period - Wrist shot by Eric Lindros.
19:20 of 3rd period - Shot Misses the Net.
19:22 of 3rd period - Slapshot by Jason Demers.
19:22 of 3rd period - Shot Blocked by Milan Michalek.
19:24 of 3rd period - Slapshot by Jason Demers.
19:24 of 3rd period - Shot Misses the Net.
19:26 of 3rd period - Wrist shot by Dainius Zubrus.
19:26 of 3rd period - Shot Blocked by Sami Lepisto.
19:28 of 3rd period - Snap shot by Dainius Zubrus.
19:28 of 3rd period - Shot Misses the Net.
19:30 of 3rd period - Snap shot by Andrew Alberts.
19:30 of 3rd period - Goal by Andrew Alberts - Bruins : 5 - Canucks : 5.
19:30 of 3rd period - Karri Ramo from Bruins was sent back in the game.
19:31 of 3rd period - Henrik Sedin wins face-off versus T.J. Hensick in neutral zone.
19:41 of 3rd period - Minor Penalty to Matt Stajan for High sticking.
19:42 of 3rd period - Ryane Clowe wins face-off versus Henrik Sedin in Canucks zone.
Goals for this period are 2 for Bruins vs 1 for Canucks.
Shots for this period are 17 for Bruins vs 11 for Canucks.

Overtime #1


0:01 of 1st overtime period - Ryane Clowe wins face-off versus Henrik Sedin in neutral zone.
0:14 of 1st overtime period - Slapshot by Alex Goligoski.
0:14 of 1st overtime period - Deflect By Henrik Sedin.
0:14 of 1st overtime period - Stopped by Karri Ramo without a rebound.
0:15 of 1st overtime period - Ryane Clowe wins face-off versus Henrik Sedin in Bruins zone.
0:24 of 1st overtime period - Snap shot by Ryane Clowe.
0:24 of 1st overtime period - Shot Blocked by Andrew Alberts.
1:41 of 1st overtime period - Penalty to Matt Stajan is over, Matt Stajan is back on ice.
2:16 of 1st overtime period - Slapshot by Alex Goligoski.
2:16 of 1st overtime period - Stopped by Karri Ramo with a rebound.
3:20 of 1st overtime period - Wrist shot by Matt Stajan.
3:20 of 1st overtime period - Stopped by Karri Ramo without a rebound.
3:21 of 1st overtime period - Henrik Sedin wins face-off versus Jaromir Jagr in Bruins zone.
3:55 of 1st overtime period - Snap shot by Eric Lindros.
3:55 of 1st overtime period - Stopped by Chad Johnson without a rebound.
3:56 of 1st overtime period - Jarome Iginla wins face-off versus Alex Tanguay in Canucks zone.
4:09 of 1st overtime period - Snap shot by Eric Lindros.
4:09 of 1st overtime period - Goal by Eric Lindros - Bruins : 6 - Canucks : 5.
Goals for this period are 1 for Bruins vs 0 for Canucks.
Shots for this period are 2 for Bruins vs 3 for Canucks.